 Dungeon Crawl Stone Soup version 0.25-a0-667-gb977e01cb5 (webtiles) character file.

Game seed: 12932947158483390009, levelgen mode: deterministic

302 DasRunzen the Poker (level 5, -2/45 HPs)
             Began as a Demigod Gladiator on Mar 27, 2020.
             Slain by a gnoll
             ... wielding a +0 halberd
              (3 damage)
             ... on level 4 of the Dungeon.
             The game lasted 00:05:00 (2629 turns).

DasRunzen the Poker (Demigod Gladiator)             Turns: 2629, Time: 00:05:00

Health: -2/45      AC:  4    Str: 17    XL:     5   Next: 90%
Magic:  10/10      EV: 15    Int: 14    God:
Gold:   254        SH:  0    Dex: 17    Spells: 4/7 levels left

rFire    . . .     SeeInvis .   a - +1 trident
rCold    . . .     Gourm    .   (no shield)
rNeg     . . .     Faith    .   b - +0 leather armour
rPois    .         Spirit   .   c - +0 helmet
rElec    .         Reflect  .   (no cloak)
rCorr    .         Harm     .   (no gloves)
MR       .....                  (no boots)
Stlth    +.........             (no amulet)
HPRegen  0.15/turn              j - ring of flight
MPRegen  0.12/turn              o - +1 ring of evasion

@: lethally poisoned (-2 -> -7)
A: high mp 1
a: Evoke Flight


You were on level 4 of the Dungeon.
You were hungry.

You visited 1 branch of the dungeon, and saw 4 of its levels.

You collected 254 gold pieces.

Inventory:

Hand Weapons
 a - a +1 trident (weapon)
Missiles
 d - 3 throwing nets (quivered)
Armour
 b - a +0 leather armour (worn)
 c - a +0 helmet (worn)
Jewellery
 j - a ring of flight (left hand)
 o - a +1 ring of evasion (right hand)
Scrolls
 k - 3 scrolls of amnesia
 l - a scroll of remove curse {unknown}
 m - a scroll of teleportation
 n - 3 scrolls of fear
Potions
 e - a potion of stabbing
 g - a potion of lignification
 i - a potion of brilliance {unknown}
 p - a potion of heal wounds {unknown}
 q - a potion of flight {unknown}
 s - a potion of might {unknown}
Comestibles
 f - 9 rations


   Skills:
 + Level 3.0 Fighting
 + Level 3.6 Polearms
 - Level 1.7 Throwing
 + Level 2.2 Armour
 + Level 3.6 Dodging
 + Level 1.9 Spellcasting
 + Level 1.0 Hexes


You had 4 spell levels left.
You knew the following spells:

 Your Spells              Type           Power        Failure   Level  Hunger
a - Confusing Touch       Hex            #.......     50%         3    ####...

Your spell library contained the following spells:

 Spells                   Type           Power        Failure   Level  Hunger
 Corona                   Hex            #......      19%         1    ##.....
 Ensorcelled Hibernation  Hex/Ice        #.....       34%         2    ###....
 Tukima's Dance           Hex            #.......     50%         3    ####...
 Dazzling Flash           Conj/Hex       #.....       56%         3    ####...
 Gell's Gravitas          Tloc           #.........   65%         3    ####...
 Petrify                  Tmut/Erth      #.......     96%         4    #####..
 Metabolic Englaciation   Hex/Ice        #.........   100%        5    ######.
 Yara's Violent Unravell  Hex/Tmut       #.........   100%        5    ######.


Dungeon Overview and Level Annotations

Branches:
Dungeon (4/15)
 Temple: D:4-7


Innate Abilities, Weirdness & Mutations

You have an increased reservoir of magic. (+10% MP)


Message History

* * * LOW HITPOINT WARNING * * *
You feel sick.
* * * LOW HITPOINT WARNING * * *
You feel sick.
Okay, then.
You barely miss the gnoll.
The gnoll is heavily wounded.
* * * LOW HITPOINT WARNING * * *
You feel sick. The gnoll closely misses you.
You closely miss the gnoll.
The gnoll is heavily wounded.
* * * LOW HITPOINT WARNING * * *
You feel sick. The gnoll barely misses you. The gnoll closely misses you.
You puncture the gnoll!
You kill the gnoll!
Your Hexes skill increases to level 1!
The gnoll barely misses you.
* * * LOW HITPOINT WARNING * * *
You feel sick. The gnoll hits you with a +0 halberd.
You die...

##.#####.#####.##^##.......#...##
##...รท...#####.......#######...#
##..............#.##.# #...#
###############.#.##.# #...# .#
#...##.# #...## .#
#########..###.# #..... .#
#..............#######...## ##
#.....####.####............ #
#.........@g............... #
#.....#..#....)............ #
#.....#..#..#.##.#####....! #
####...........#.# .## #
####.....#..#.# ######
#.....#..#.# .....# ###.........#
####.# #####.##.###..###
##.###......#......###


You could see a gnoll.

Vanquished Creatures
  A water moccasin skeleton (D:4)
  A hound (D:4)
  Jessica (D:3)
  An iguana (D:4)
  A worker ant (D:4)
  7 adders
  2 gnolls (D:4)
  An ooze (D:3)
  2 dart slugs
  2 worms
  A leopard gecko (D:4)
  An orc (D:4)
  3 giant cockroaches
  7 goblins
  3 hobgoblins
  11 jackals (D:3)
  4 kobolds
  4 bats
  5 frilled lizards
  4 rats
62 creatures vanquished.

Notes
Turn   | Place    | Note
-------+----------+-------------------------------------------
     0 | D:1      | DasRunzen the Demigod Gladiator began the quest for the
                  | Orb.
     0 | D:1      | Reached XP level 1. HP: 17/17 MP: 3/3
   120 | D:1      | Reached XP level 2. HP: 17/24 MP: 4/4
   617 | D:2      | Reached skill level 1 in Armour
   753 | D:2      | Reached XP level 3. HP: 28/29 MP: 6/6
  1024 | D:3      | Reached skill level 1 in Spellcasting
  1151 | D:3      | Found an opulent altar of Gozag.
  1208 | D:3      | Noticed Jessica
  1213 | D:3      | Killed Jessica
  1213 | D:3      | Reached XP level 4. HP: 22/37 MP: 8/8
  1382 | D:3      | Found a shimmering altar of Xom.
  1382 | D:3      | Found an ornate altar of the Wu Jian Council.
  2110 | D:4      | Learned a level 3 spell: Confusing Touch
  2135 | D:4      | Reached XP level 5. HP: 36/42 MP: 10/10
  2510 | D:4      | Found a shattered altar of Ashenzari.
  2627 | D:4      | HP: 2/45 [poisoned by a gnoll]
  2628 | D:4      | Reached skill level 1 in Hexes
  2629 | D:4      | Slain by a gnoll

Levels and vault maps discovered:
D:1:      dpeg_arrival_court, layout_rooms, serial_bayou_crossing
D:2:      layout_rooms
D:3:      layout_basic, nicolae_gozag_seed_capital,
          gammafunk_temple_overflow_wave, uniq_jessica
D:4:      layout_loops_cross, old_standard_altar, first_ration, minmay_unequal

Skill      XL: |  1  2  3  4  5 |
---------------+----------------+-----
Fighting       | 2 3 |  3.0
Armour         | 1 2 |  2.2
Polearms       | 3 |  3.6
Dodging        | 3 |  3.6
Spellcasting   | 1 |  1.9
Hexes          | 1 |  1.0
Throwing       | |  1.7

Action                   |  1- 3 |  4- 6 || total
-------------------------+-------+-------++-------
Melee: Trident           |   116 |   117 ||   233
  Use: Scroll            |     6 |     3 ||     9
       Potion            |       |     2 ||     2
 Stab: Sleeping          |     1 |     3 ||     4
  Eat: Chunk             |     1 |     4 ||     5
Armor: Leather armour    |    32 |    21 ||    53
Dodge: Dodged            |    57 |    76 ||   133

Table legend:
 A = Non-vault XP
 B = Vault XP
 C = Vault XP percentage of total XP
 D = Non-vault monster count
 E = Vault monster count
 F = Vault count percentage of total count
                 A         B        C        D         E       F
            +---------+---------+-------+---------+---------+-------
      Total |     395 |      37 |   8.6 |      61 |       1 |   1.6
            +---------+---------+-------+---------+---------+-------
        D:1 |      25 |       0 |   0.0 |      14 |       0 |   0.0
        D:2 |      29 |       0 |   0.0 |       9 |       0 |   0.0
        D:3 |     117 |      37 |  24.0 |      28 |       1 |   3.4
        D:4 |     224 |       0 |   0.0 |      10 |       0 |   0.0
            +---------+---------+-------+---------+---------+-------
